 Dungeon Crawl Stone Soup version 0.27-a0-1191-g601b473118 (webtiles) character file.

Game seed: 6237079102817363666

80293 Zonian the Covert (level 15, -1/138 HPs)
             Began as a Deep Dwarf Brigand on May 24, 2021.
             Was the Champion of Qazlal.
             Slain by a red ugly thing (20 damage)
             ... on level 14 of the Dungeon on May 25, 2021.
             The game lasted 01:41:22 (26372 turns).

Zonian the Covert (Deep Dwarf Brigand)             Turns: 26372, Time: 01:41:22

Health: -1/138     AC: 20    Str: 22    XL:     15   Next: 23%
Magic:  3/3        EV: 13    Int: 13    God:    Qazlal [******]
Gold:   1244       SH: 19    Dex: 20    Spells: 27/27 levels left

rFire    + . .     SeeInvis +   r - +6 war axe of Destruction {pain, rPois Will- Str+5 SInv}
rCold    . . .     Faith    .   W - +0 kite shield
rNeg     + . .     Spirit   .   C - +4 chain mail {rPois}
rPois    +         Reflect  .   v - +2 helmet
rElec    .         Harm     .   H - +0 cloak {rCorr}
rCorr    +         Rampage  .   s - +0 pair of gloves
Will     +....                  (no boots)
Stlth    +.........             L - amulet "Zuocut" {Acrobat rF- rCorr Dex+3 Slay+6}
HPRegen  0.00/turn              n - ring of poison resistance
MPRegen  0.08/turn              Q - ring of protection from fire

@: protected from fire, studying Axes, repel missiles
A: damage resistance, heal wounds, negative energy resistance 1, sense
surroundings 2, no regeneration
a: Heal Wounds, Renounce Religion, Upheaval, Elemental Force, Disaster Area


You were on level 14 of the Dungeon.
You worshipped Qazlal.
Qazlal was exalted by your worship.
You visited 2 branches of the dungeon, and saw 20 of its levels.
You also visited: Sewer.

You collected 2164 gold pieces.
You spent 920 gold pieces at shops.

Inventory:

Hand Weapons
 g - a +2 short sword of venom
 i - a +0 hand crossbow
 j - a +4 scimitar of flaming
 r - the +6 war axe of Destruction (weapon) {pain, rPois Will- Str+5 SInv}
   (You bought it in a shop on level 3 of the Dungeon)

   In the hands of one skilled in necromantic magic, it inflicts extra damage on
   living creatures.
   It affects your strength (+5).
   It protects you from poison.
   It lets you see invisible.
   It decreases your willpower.
 y - a +0 war axe of electrocution
 A - a +2 falchion of holy wrath
 D - the +5 long sword of the Endless March {flame, rPois Int+4 SInv}
   (You found it on level 10 of the Dungeon)

   It has been specially enchanted to burn those struck by it, causing extra
   injury to most foes and up to half again as much damage against particularly
   susceptible opponents.
   Big, fiery blades are also staple armaments of hydra-hunters.
   It affects your intelligence (+4).
   It protects you from poison.
   It lets you see invisible.
 O - a +0 hand crossbow
 P - a +3 war axe of draining
Missiles
 d - 76 poisoned darts (quivered)
 e - 6 curare-tipped darts
 w - 9 boomerangs
 G - 2 atropa-tipped darts
 I - 3 throwing nets
Armour
 s - a +0 pair of gloves (worn)
 v - a +2 helmet (worn)
 C - a +4 chain mail of poison resistance (worn)
 H - a +0 cloak of preservation (worn)
 W - a +0 kite shield (worn)
Jewellery
 n - a ring of poison resistance (left hand)
 t - a +6 ring of intelligence
 z - a ring of resist corrosion
 B - a ring of fire
 L - the amulet "Zuocut" (around neck) {Acrobat rF- rCorr Dex+3 Slay+6}
   (You found it on level 2 of the Lair of Beasts)

   [amulet of the acrobat]

   It increases your evasion while moving and waiting.
   It affects your dexterity (+3).
   It affects your accuracy and damage with ranged weapons and melee attacks
   (+6).
   It makes you vulnerable to fire.
   It protects you from acid and corrosion.
 Q - a ring of protection from fire (right hand)
 T - a ring of protection from cold
Wands
 a - a wand of acid (6)
 l - a wand of mindburst (8)
 u - a wand of polymorph (9)
 J - a wand of paralysis (22)
 K - a wand of flame (32)
 M - a wand of charming (4)
 X - a wand of digging (11)
 Y - a wand of iceblast (2)
Scrolls
 o - 3 scrolls of magic mapping
 F - 6 scrolls of identify
 N - a scroll of enchant weapon
 R - 2 scrolls of blinking
 V - 2 scrolls of teleportation
Potions
 c - a potion of heal wounds
 f - a potion of mutation
 h - 11 potions of curing
 k - a potion of magic
 m - 7 potions of flight
 p - 3 potions of might
 q - 3 potions of brilliance
 x - a potion of berserk rage
 E - 6 potions of lignification
 Z - a potion of haste
Miscellaneous
 b - a lightning rod (inert)
 U - a tin of tremorstones (1/2)


   Skills:
 + Level 9.7 Fighting
 - Level 3.6 Short Blades
 + Level 13.0 Axes
 - Level 2.0 Throwing
 - Level 7.9 Armour
 + Level 11.5 Dodging
 + Level 14.3 Stealth
 + Level 5.2 Shields
 + Level 6.7 Spellcasting
 - Level 6.0 Necromancy
 + Level 12.9 Invocations
 + Level 9.9 Evocations


You had 27 spell levels left.
You didn't know any spells.
Your spell library contained the following spells:

 Spells                   Type           Power      Damage    Failure   Level
 Beastly Appendage        Tmut           8%         N/A       98%         1
 Corona                   Hex            4%         N/A       98%         1
 Foxfire                  Conj/Fire      16%        2x1d4     98%         1
 Sandblast                Erth           8%         2d5       98%         1
 Sting                    Tmut/Pois      16%        1d3       98%         1
 Poisonous Vapours        Pois/Air       8%         N/A       99%         2
 Wereblood                Tmut           4%         N/A       99%         2
 Conjure Flame            Conj/Fire      4%         6-21      100%        3
 Ignite Poison            Fire/Tmut/Pois 4%         N/A       100%        3
 Inner Flame              Hex/Fire       4%         N/A       100%        3
 Mephitic Cloud           Conj/Pois/Air  4%         N/A       100%        3
 Spider Form              Tmut/Pois      2%         N/A       100%        3
 Tukima's Dance           Hex            4%         N/A       100%        3
 Animate Armour           Summ/Erth      8%         N/A       100%        4
 Ice Form                 Ice/Tmut       4%         N/A       100%        4
 Olgreb's Toxic Radiance  Pois           4%         N/A       100%        4
 Sticky Flame             Conj/Fire      4%         2d3       100%        4
 Fireball                 Conj/Fire      2%         3d4       100%        5
 Hydra Form               Tmut           2%         N/A       100%        5
 Silence                  Hex/Air        2%         N/A       100%        5
 Iron Shot                Conj/Erth      2%         9d2       100%        6


Dungeon Overview and Level Annotations

Branches:
Dungeon (14/15)            Temple (0/1) D:4            Lair (6/6) D:8
 Shoals (0/4) Lair:3       Spider (0/4) Lair:2        Slime (0/5) Lair:5
    Orc (0/2) D:10          Sewer (visited)
 Vaults: D:13-14

Altars:
Qazlal
Trog
Vehumet
Yredelemnul
Jiyva

Shops:
D:3 (   D:6 *   D:10 [   D:13 ?

Annotations:
D:2 Sigmund
Lair:1 2 transporters, Baigul's ghost, journeyman NaCj


Innate Abilities, Weirdness & Mutations

You are resistant to damage.
You can heal yourself by infusing magical energy.
You resist negative energy. (rN+)
You passively map the area around you.
You do not regenerate.


Message History

The iceblast engulfs the red ugly thing!!
The red ugly thing is heavily wounded.
The iceblast engulfs the red ugly thing!
The red ugly thing is lightly wounded.
Aiming: Iceblast
Press: ? - help, Shift-Dir - straight line, f/p - red ugly thing
Aim: a red ugly thing (heavily wounded)
The mass of ice explodes!
The iceblast engulfs the red ugly thing!!
The red ugly thing is severely wounded.
The iceblast engulfs the red ugly thing!!
The red ugly thing is heavily wounded.
Unknown command.
Aiming: Iceblast
Press: ? - help, Shift-Dir - straight line, f/p - red ugly thing
Aim: a red ugly thing (severely wounded)
The mass of ice explodes!
The iceblast engulfs the red ugly thing!
The red ugly thing is almost dead.
The iceblast engulfs the red ugly thing!!
The red ugly thing is almost dead.
You hit the red ugly thing but do no damage.
The red ugly thing writhes in agony.
The red ugly thing is almost dead.
The red ugly thing basks in the mutagenic energy from its kin and changes!
Unknown command.
You slice the green ugly thing!!
You kill the green ugly thing!
Qazlal accepts your kill.
Your tin of tremorstones (1/2) has regained one charge.
Unknown command.
You slash the red ugly thing!
The red ugly thing is almost dead.
Your shield and chain mail prevent you from hitting the red ugly thing.
The red ugly thing is engulfed in freezing vapours.
The red ugly thing headbutts you.
* * * LOW HITPOINT WARNING * * *
You are engulfed in flames!!
You feel protected from fire.
You die...

, , .......... , ,
.......<.. * * *
##.u###### * #..# # #..#
#.##############..#
#....○○..§........######
#....§..u...............
#.....☼@u.†........#####
#>###############..# *
#..# * #..# * #..#
#..##### , #....... **
########


You could see 2 ugly things.

Vanquished Creatures
  The ghost of Ufefaer the Severer, a journeyman MiFi of Okawaru (Lair:4)
  A dire elephant (Lair:2)
  Fannar (D:11)
  3 boulder beetles
  8 hydras
  3 death knights
  5 two-headed ogres
  Nergalle (D:12)
  Sonja (D:11)
  Urug (D:12)
  A swamp dragon (Lair:1)
  5 ugly things
  3 deep elf pyromancers
  An orc knight (D:12)
  3 cyclopes
  2 manticores
  16 elephants
  3 black mambas
  A gargoyle (D:13)
  Maggie (D:8)
  3 orange demons (D:12)
  13 cane toads
  A kobold demonologist (D:11)
  An unseen horror (D:11)
  4 rime drakes
  3 efreet
  11 komodo dragons
  Psyche (D:12)
  10 trolls
  2 red devils (D:12)
  A jumping spider (Lair:2)
  4 polar bears
  4 meliai
  6 hornets
  Prince Ribbit (D:6)
  5 blink frogs (Lair:5)
  11 slime creatures
  A snapping turtle (Lair:3)
  9 dream sheep (Lair:6)
  4 shadows
  15 spriggans
  3 wyverns
  6 wraiths
  8 basilisks
  A vampire (D:11)
  51 yaks
  A hog (shapeshifter) (D:12)
  3 steam dragons
  Grum (D:9)
  8 vampire mosquitoes
  3 acid dragons
  20 water moccasins
  A swamp drake (Lair:1)
  3 orc warriors
  2 sky beasts
  5 black bears
  An ice beast (D:6)
  37 wolves
  5 boggarts
  6 centaurs
  An ogre (D:5)
  2 kobold brigands
  2 gnoll sergeants
  20 bullfrogs
  A water moccasin zombie (D:5)
  3 scorpions
  A water moccasin skeleton (D:6)
  A wyvern skeleton (D:6)
  52 killer bees
  A wight (D:7)
  3 electric eels
  2 howler monkeys
  4 centaur zombies
  5 hounds
  6 jellies
  2 gnoll shamans (D:6)
  3 orc priests
  A centaur skeleton (D:6)
  A bullfrog skeleton (D:6)
  2 iguanas
  6 orc wizards
  Natasha (thrice) (D:2)
  A hound zombie (D:5)
  4 hound skeletons (D:4)
  3 howler monkey zombies
  27 gnolls
  12 adders
  A howler monkey skeleton (D:6)
  3 river rats (D:3)
  2 shadow imps
  3 white imps
  4 ufetubi
  An adder zombie (D:5)
  2 worms (D:3)
  32 orcs
  11 bats
  8 endoplasms
  6 giant cockroaches
  9 goblins
  A hobgoblin (D:1)
  13 jackals
  5 quokkas
  6 ball pythons
  4 frilled lizards (D:1)
  16 kobolds
  11 rats
  A butterfly (Lair:6)
644 creatures vanquished.

Vanquished Creatures (collateral kills)
  2 hydras
  2 yaks (Lair:6)
  A vampire mosquito (Lair:1)
5 creatures vanquished.

Vanquished Creatures (others)
  A lindwurm (Lair:2)
  A black mamba (Lair:6)
  A yak (Lair:6)
  A cane toad (Lair:1)
  An unseen horror (D:12)
  An acid dragon (D:14)
  A water moccasin (Lair:1)
  43 fungi
  67 plants
  8 toadstools (Lair:2)
125 creatures vanquished.

Grand Total: 774 creatures vanquished

Notes
Turn   | Place    | Note
-------+----------+-------------------------------------------
     0 | D:1      | Zonian the Deep Dwarf Brigand began the quest for the Orb.
     0 | D:1      | Reached XP level 1. HP: 19/19 MP: 1/1
    38 | D:1      | Reached skill level 5 in Stealth
   182 | D:1      | Reached XP level 2. HP: 23/26 MP: 2/2
  1557 | D:1      | Reached XP level 3. HP: 22/32 MP: 3/3
  1695 | D:1      | Reached skill level 6 in Stealth
  2005 | D:2      | Noticed Natasha
  2011 | D:2      | Killed Natasha
  2012 | D:2      | Reached XP level 4. HP: 26/39 MP: 4/4
  2090 | D:2      | Noticed Sigmund
  2122 | D:2      | Noticed Natasha
  2152 | D:2      | Killed Natasha
  2153 | D:2      | Reached skill level 1 in Armour
  2364 | D:2      | Noticed Natasha
  2599 | D:2      | Found a faded altar of an unknown god.
  3060 | D:2      | Became a worshipper of Qazlal Stormbringer
  3060 | D:2      | Reached * piety under Qazlal
  3171 | D:2      | Killed Natasha
  3172 | D:2      | Reached XP level 5. HP: 33/46 MP: 5/5
  3791 | D:3      | Found Tioqelin's Antique Weapon Emporium.
  3892 | D:3      | Found a glowing drain.
  3914 | Sewer    | Entered a sewer
  5352 | Sewer    | Reached XP level 6. HP: 30/55 MP: 6/6
  5617 | D:3      | Reached ** piety under Qazlal
  5688 | D:3      | Reached skill level 1 in Invocations
  6386 | D:4      | Found a staircase to the Ecumenical Temple.
  6851 | D:4      | Reached skill level 7 in Stealth
  6870 | D:4      | Noticed an orc warrior
  6894 | D:4      | Killed an orc warrior
  6895 | D:4      | Reached XP level 7. HP: 8/62 MP: 8/8
  7081 | D:5      | Entered Level 5 of the Dungeon
  7181 | D:5      | Found a basalt altar of Yredelemnul.
  7280 | D:5      | Reached skill level 1 in Shields
  7377 | D:5      | Reached *** piety under Qazlal
  7488 | D:5      | Reached XP level 8. HP: 23/69 MP: 3/8
  7701 | D:5      | Noticed Blork the orc
  7704 | D:5      | Noticed Blork
  7704 | D:5      | Blork the orc changed into Blork the jelly
  7710 | D:5      | Killed Blork the jelly
  8513 | D:5      | Reached skill level 1 in Spellcasting
  8716 | D:6      | Reached skill level 1 in Axes
  9501 | D:6      | Reached skill level 8 in Stealth
  9747 | D:6      | Noticed Prince Ribbit
  9764 | D:6      | Killed Prince Ribbit
 10050 | D:6      | Reached skill level 5 in Dodging
 10245 | D:6      | Found Adomoxul's General Store.
 10251 | D:6      | Bought a scroll of enchant armour for 75 gold pieces
 10251 | D:6      | Bought a scroll of teleportation for 30 gold pieces
 10282 | D:6      | Gained mutation: You passively map the area around you.
                  | [Deep Dwarf growth]
 10282 | D:6      | Reached XP level 9. HP: 41/78 MP: 7/7
 10520 | D:6      | Reached **** piety under Qazlal
 10616 | D:6      | Identified a scroll of acquirement
 10617 | D:6      | Acquired 568 gold pieces
 10695 | D:3      | Bought an iridescent war axe for 178 gold pieces
 10695 | D:3      | Identified the +6 war axe of Destruction {pain, rPois Will-
                  | Str+5 SInv} (You bought it in a shop on level 3 of the
                  | Dungeon)
 10778 | D:6      | Bought a +2 helmet for 165 gold pieces
 10993 | D:7      | Noticed a deep elf pyromancer
 10999 | D:7      | Reached skill level 1 in Necromancy
 10999 | D:7      | Reached skill level 5 in Invocations
 11005 | D:7      | Killed a deep elf pyromancer
 11006 | D:7      | Reached skill level 5 in Armour
 11008 | D:7      | Reached skill level 9 in Stealth
 11296 | D:7      | Noticed a troll
 11307 | D:7      | Killed a troll
 11720 | D:7      | Reached skill level 5 in Fighting
 11959 | D:8      | Noticed Maggie
 11983 | D:8      | Noticed a two-headed ogre
 11984 | D:8      | Killed Maggie
 11985 | D:8      | Reached XP level 10. HP: 38/88 MP: 4/8
 11990 | D:8      | Killed a two-headed ogre
 12177 | D:8      | Found a staircase to the Lair.
 12225 | D:8      | Found Cuyrphiu's General Store.
 12727 | Lair:1   | Entered Level 1 of the Lair of Beasts
 12775 | Lair:1   | Noticed a cane toad
 12781 | Lair:1   | Killed a cane toad
 12792 | Lair:1   | Noticed a spriggan rider
 12793 | Lair:1   | Noticed a moth of wrath
 12794 | Lair:1   | Noticed a spriggan rider
 12794 | Lair:1   | Noticed Baigul's ghost (journeyman NaCj)
 12800 | Lair:1   | Found a transporter.
 12803 | Lair:1   | Noticed a spriggan berserker
 12804 | Lair:1   | Found a bloodstained altar of Trog.
 12823 | Lair:1   | Found a transporter.
 12823 | Lair:1   | Noticed a cane toad
 12830 | Lair:1   | Killed a cane toad
 12859 | Lair:1   | Noticed a cane toad
 12863 | Lair:1   | Noticed a six-headed hydra
 12867 | Lair:1   | Noticed a swamp dragon
 12887 | Lair:1   | Killed a six-headed hydra
 12888 | Lair:1   | Reached skill level 5 in Axes
 12888 | Lair:1   | Reached skill level 10 in Stealth
 12895 | Lair:1   | Killed a swamp dragon
 12896 | Lair:1   | Reached XP level 11. HP: 34/97 MP: 7/9
 13173 | Lair:1   | You fall into a shaft and drop 1 floor!
 13174 | Lair:2   | Found a hole to the Spider Nest.
 13247 | Lair:2   | Noticed an eight-headed hydra
 13256 | Lair:2   | Killed an eight-headed hydra
 13257 | Lair:2   | Reached skill level 5 in Necromancy
 13435 | Lair:2   | Noticed a five-headed hydra
 13439 | Lair:2   | Killed a five-headed hydra
 14928 | Lair:2   | Noticed a dire elephant
 14928 | Lair:2   | Noticed a lindwurm
 14951 | Lair:2   | Found a runed translucent door.
 15010 | Lair:2   | Killed a lindwurm
 15327 | Lair:2   | Killed a dire elephant
 15328 | Lair:2   | Reached skill level 11 in Stealth
 15412 | Lair:2   | Identified the amulet "Zuocut" {Acrobat rF- rCorr Dex+3
                  | Slay+6}
 15424 | Lair:2   | Identified the +2 mace "Adytauge" {vorpal, rElec SInv}
 15854 | Lair:3   | Reached XP level 12. HP: 57/106 MP: 8/8
 15880 | Lair:2   | Reached skill level 5 in Spellcasting
 15938 | Lair:3   | Noticed a four-headed hydra
 15957 | Lair:3   | Killed a four-headed hydra
 15958 | Lair:3   | Reached skill level 1 in Evocations
 16526 | Lair:3   | Found a staircase to the Shoals.
 17247 | Lair:4   | Reached ***** piety under Qazlal
 17736 | Lair:4   | Found a runed translucent door.
 17738 | Lair:4   | Noticed Ufefaer's ghost (journeyman MiFi)
 17763 | Lair:4   | Killed Ufefaer's ghost
 17764 | Lair:4   | Reached skill level 12 in Stealth
 18193 | Lair:5   | Reached skill level 10 in Invocations
 18227 | Lair:5   | Reached skill level 5 in Evocations
 18396 | Lair:5   | Reached XP level 13. HP: 20/117 MP: 7/7
 18687 | Lair:5   | Identified the ring of Wonder {rPois Will+ Str-4 Int-5
                  | Dex+8}
 18718 | Lair:5   | Found a viscous altar of Jiyva.
 18719 | Lair:5   | Found a staircase to the Slime Pits.
 19491 | Lair:6   | Entered Level 6 of the Lair of Beasts
 19545 | Lair:6   | Reached skill level 10 in Axes
 19671 | Lair:6   | Reached skill level 10 in Dodging
 19854 | Lair:6   | Reached skill level 13 in Stealth
 20109 | Lair:6   | Reached ****** piety under Qazlal
 20163 | Lair:6   | Gained mutation: You resist negative energy. (rN+) [Deep
                  | Dwarf growth]
 20163 | Lair:6   | Reached XP level 14. HP: 85/127 MP: 7/7
 21298 | D:9      | Noticed Grum
 21299 | D:9      | Killed Grum
 21935 | D:10     | Entered Level 10 of the Dungeon
 21935 | D:10     | Found a staircase to the Orcish Mines.
 22049 | D:10     | Found Ityuceu's Armour Emporium.
 22104 | D:10     | Bought a +4 chain mail of poison resistance for 427 gold
                  | pieces
 22171 | D:10     | Identified the +5 long sword of the Endless March {flame,
                  | rPois Int+4 SInv}
 22767 | D:11     | Noticed Sonja
 22779 | D:11     | Killed Sonja
 22845 | D:11     | Identified the +4 quarterstaff "Uplaim" {antimagic, rElec}
 22922 | D:11     | Noticed Fannar
 22939 | D:11     | Killed Fannar
 22995 | D:11     | Identified the +1 chain mail "Virar" {rElec Stlth+}
 23299 | D:11     | Found a radiant altar of Vehumet.
 24089 | D:12     | Noticed Psyche
 24104 | D:12     | Killed Psyche
 24355 | D:12     | Reached skill level 14 in Stealth
 24539 | D:12     | Identified the +4 longbow of Ifupp {venom, rElec rF++
                  | Will+}
 24579 | D:12     | Identified the Collected Works on the Ensnaring Mountains
 24779 | D:12     | Noticed Nergalle
 24796 | D:12     | Killed Nergalle
 24797 | D:12     | Reached XP level 15. HP: 26/130 MP: 5/5
 24833 | D:12     | Noticed Urug
 24847 | D:12     | Killed Urug
 25219 | D:13     | Found Rusau's Magic Scroll Emporium.
 25222 | D:13     | Bought a scroll of teleportation for 45 gold pieces
 25315 | D:13     | Reached skill level 5 in Shields
 25951 | D:13     | HP: 1/138 [large slime creature (29)]
 26372 | D:14     | Slain by a red ugly thing

Illustrated notes

Levels and vault maps discovered:
D:1:      wander_arrival_peaceful_grave, layout_basic, st_stairs_7,
          chequers_serial_rivers_room_b, serial_bayou_pond_b,
          grunt_decor_one_mirror, minmay_hexomino_c4
D:2:      layout_basic, chequers_ecumenical_altar_simple_redux, uniq_sigmund,
          uniq_natasha
D:3:      layout_basic, serial_shops, nicolae_shop_waterfront,
          lightli_sewer_entry_pipes
D:4:      layout_basic, minmay_temple_entry_junction
D:5:      layout_basic, nicolae_yredelemnul_corpse_copse, uniq_blork_the_orc
D:6:      layout_cave_pools, serial_gnoll_camp, gnoll_camp_mini_house,
          gnoll_camp_mini_shop, gnoll_camp_mini_house, gnoll_camp_mini_doghouse,
          uniq_prince_ribbit1
D:7:      hangedman_cross_stitches, layout_loops_ring
D:8:      layout_basic, due_lair_maze_entry_diamond, serial_shops,
          nicolae_shop_window_shopping, uniq_maggie
D:9:      layout_cave_pools, uniq_grum
D:10:     layout_basic, orc_0_dummy, serial_shops, nicolae_shop_waterfront
D:11:     minmay_recursive_quarters, layout_cave_pools, minivault_5,
          nicolae_vehumet_radiance, uniq_sonja, uniq_fannar
D:12:     minmay_the_grid_octo_tiled_squarecenter
          [minmay_the_grid_octo_checkered, minmay_the_grid_octo_teeth,
          minmay_the_grid_octo_chip, minmay_the_grid_octo_fan_narrow,
          minmay_the_grid_square_5x5_megaprize_checkered,
          minmay_the_grid_square_5x5_minivault,
          minmay_the_grid_square_5x5_three_small,
          minmay_the_grid_square_5x5_misaligned,
          minmay_the_grid_square_5x5_two], layout_gridville,
          minmay_beelzebubs_servants, uniq_urug, uniq_psyche, uniq_nergalle
D:13:     layout_basic, serial_shops, kennysheep_mini_moat,
          kennysheep_pointless_box
D:14:     layout_long_grid, david_vaults_4, hangedman_abyss_or_decor_stagger
Lair:1:   layout_regular_city, gammafunk_ghost_wrathful_warriors,
          serial_bayou_pond_c, pond, grunt_megastairs_3
Lair:2:   gammafunk_lair_enchanted_lake, layout_gridlike, spider_nest_entry_a
Lair:3:   wad_woods_minihive, layout_loops_ring, minmay_shoals_entry_hut,
          wad_woods_03
Lair:4:   layout_regular_city, serial_bayou, serial_bayou_lagoon_b,
          serial_bayou_pond_e, serial_bayou_crossing, serial_bayou_pond_e,
          hellmonk_ghost_happy_afterlife, grunt_forest_stairs_clearing
Lair:5:   layout_long_grid, slime_altar_1, serial_bayou_pond_c,
          beast_lair_carwin_7, serial_bayou_shore_a
Lair:6:   minmay_lair_end_enchanted_forest, layout_long_grid,
          lemuel_fruit_fields, grunt_megastairs_2

Skill      XL: |  1  2  3  4  5  6  7  8  9 10 11 12 13 14 15 |
---------------+----------------------------------------------+-----
Stealth        | 5 6 7 8 9 10 11 12 13 14 | 14.3
Fighting       | 2 3 4 5 6 7 8 9 |  9.7
Short Blades   | 2 3 |  3.6
Throwing       | 2 |  2.0
Armour         | 1 2 3 4 5 6 7 |  7.9
Dodging        | 2 3 4 5 6 7 8 9 10 11 | 11.5
Invocations    | 1 3 4 5 7 8 10 11 12 | 12.9
Shields        | 1 3 4 5 |  5.2
Spellcasting   | 1 3 4 5 6 |  6.7
Axes           | 2 3 5 6 9 11 12 13 | 13.0
Necromancy     | 2 4 5 6 |  6.0
Evocations     | 5 7 9 |  9.9

Action                   |  1- 3 |  4- 6 |  7- 9 | 10-12 | 13-15 || total
-------------------------+-------+-------+-------+-------+-------++-------
Melee: Dagger            |    58 |       |       |       |       ||    58
       Short sword       |    21 |   264 |   110 |    26 |    19 ||   440
       War axe           |       |       |   264 |   440 |   712 ||  1416
       Long sword        |       |       |       |       |     8 ||     8
Throw: Dart              |       |     1 |     2 |       |    24 ||    27
       Throwing net      |       |       |     1 |       |       ||     1
Invok: Upheaval          |       |       |     4 |     3 |     2 ||     9
       Elemental Force   |       |       |       |     2 |       ||     2
       Disaster Area     |       |       |       |       |     1 ||     1
 Abil: Heal Wounds       |       |     3 |    19 |    24 |    38 ||    84
Evoke: Wand              |       |       |     5 |    23 |    22 ||    50
       Tin of tremorston |       |       |       |       |     5 ||     5
       Lightning rod     |       |       |       |       |    13 ||    13
  Use: Scroll            |     4 |     5 |    12 |    10 |     8 ||    39
       Potion            |       |       |     1 |     8 |     7 ||    16
 Stab: Sleeping          |     4 |       |       |       |       ||     4
       Distracted        |       |     1 |       |       |     1 ||     2
       Held in net/web   |       |       |     1 |       |       ||     1
Armor: Ring mail         |    21 |    87 |       |       |       ||   108
       Robe              |     1 |       |       |       |       ||     1
       Chain mail        |       |       |   190 |   253 |   240 ||   683
Dodge: Dodged            |    48 |   116 |   169 |   281 |   276 ||   890
       Repelled          |       |       |     1 |     3 |     5 ||     9
Block: Buckler           |       |    52 |   223 |   365 |   301 ||   941
       Kite shield       |       |       |       |       |   283 ||   283

Table legend: (Time is in decaauts)
 A = Elapsed time spent in this place.
 B = Non-inter-level travel time spent in this place.
 C = Inter-level travel time spent in this place.
 D = Time resting spent in this place.
 E = Time spent auto-exploring this place.
 F = Levels seen in this place.
 G = Mean time per level.
                   A        B        C        D        E       F      G
               +--------+--------+--------+--------+--------+-----+--------+
         Total |  26797 |  25707 |   1090 |   7733 |  10394 |  21 | 1276.0 |
       Dungeon |  16625 |  15931 |    694 |   4848 |   6389 |  14 | 1187.5 |
          Lair |   8522 |   8127 |    395 |   1485 |   4005 |   6 | 1420.3 |
         Sewer |   1649 |   1649 |      0 |   1400 |      0 |   1 | 1649.0 |
               +--------+--------+--------+--------+--------+-----+--------+

Top non-repeatable levels by time:
     D:5: 2510 daAuts
     D:1: 2008 daAuts
  Lair:2: 2000 daAuts
     D:2: 1657 daAuts
   Sewer: 1649 daAuts
    D:12: 1563 daAuts
  Lair:6: 1424 daAuts
  Lair:5: 1395 daAuts
     D:6: 1388 daAuts
  Lair:1: 1301 daAuts
    D:11: 1250 daAuts
     D:8: 1247 daAuts
  Lair:4: 1200 daAuts
  Lair:3: 1200 daAuts
     D:7: 1010 daAuts
